[Event "Titled Tuesday Blitz March 29 Late 2022"]
[White "Harish, Neeraj"]
[Black "Denishev, Marat"]
[WhiteFideId "30958130"]
[BlackFideId "24131563"]
[WhiteElo "1574"]
[BlackElo "2197"]
[Result "0-1"]
[Round "01"]
[TimeControl "180+1"]
[Date "2022.03.30"]
[WhiteClock "0:00:01"]
[BlackClock "0:02:06"]

1. e4 Nf6 2. e5 Nd5 3. d4 d6 4. c4 Nb6 5. exd6 exd6 6. Nc3 Be7 7. Bd3 O-O 8. Nge2 Bg4 9. O-O Nc6 10. f3 Bh5 11. Nf4 Bg6 12. Bxg6 hxg6 13. b3 Bf6 14. Be3 Ne7 15. Ne4 Nf5 16. Bf2 d5 17. Nxf6+ gxf6 18. c5 Nc8 19. Qd3 c6 20. g4 Ng7 21. Rae1 Ne7 22. Bg3 Qd7 23. Ng2 Rae8 24. Bd6 Ne6 25. f4 Kg7 26. f5 Ng5 27. h4 Ne4 28. Rxe4 dxe4 29. Qxe4 Nxf5 30. Qf4 Nxd6 31. cxd6 Re6 32. g5 f5 33. d5 cxd5 34. Qd4+ Kg8 35. Nf4 Re4 36. Qd2 Qxd6 0-1


[Site "https://www.chess.com"]

[Event "Titled Tuesday Blitz March 29 Late 2022"]
[White "Hjartarson, Johann"]
[Black "Rodchenkov, Vitaly"]
[WhiteFideId "2300044"]
[BlackFideId "4152964"]
[WhiteElo "2450"]
[BlackElo "2337"]
[Result "1-0"]
[Round "01"]
[TimeControl "180+1"]
[Date "2022.03.30"]
[WhiteClock "0:00:49"]
[BlackClock "0:00:40"]

1. e4 c5 2. Nf3 d6 3. d4 cxd4 4. Nxd4 Nf6 5. Nc3 a6 6. h3 e6 7. g4 d5 8. exd5 Nxd5 9. Bg2 Bb4 10. Ne2 O-O 11. O-O Nxc3 12. Nxc3 Bxc3 13. bxc3 Nc6 14. Ba3 Re8 15. Qxd8 Rxd8 16. Rab1 e5 17. Rb6 Na5 18. Bc5 Be6 19. Bb4 Nc4 20. Rxb7 a5 21. Be7 Re8 22. Rd1 Rac8 23. a4 h6 24. Be4 h5 25. Bf5 Bxf5 26. gxf5 Nb6 27. Rxb6 Rxe7 28. Rd3 Rc4 29. Rd8+ Kh7 30. Rbb8 Kh6 31. Rh8+ Kg5 32. Rbg8 Kf6 33. Rxh5 Rxa4 34. Ra8 e4 35. Ra6+ 1-0


[Site "https://www.chess.com"]

[Event "Titled Tuesday Blitz March 29 Late 2022"]
[White "Holt, Conrad"]
[Black "Lehtosaari, Mauri"]
[WhiteFideId "2034387"]
[BlackFideId "501999"]
[WhiteElo "2586"]
[BlackElo "2498"]
[Result "1-0"]
[Round "01"]
[TimeControl "180+1"]
[Date "2022.03.29"]
[WhiteClock "0:01:30"]
[BlackClock "0:00:56"]

1. d4 d5 2. c3 Nf6 3. Bf4 c6 4. e3 Bf5 5. Nd2 Qb6 6. Qb3 e6 7. Ngf3 Nbd7 8. Be2 h6 9. O-O Be7 10. c4 O-O 11. c5 Qxb3 12. axb3 a6 13. b4 Nh5 14. Be5 Nxe5 15. dxe5 g5 16. Nd4 Bg6 17. N2b3 Bd8 18. b5 cxb5 19. Nxb5 Rc8 20. Nd6 Rc7 21. Rfc1 Ng7 22. Na5 f6 23. Naxb7 fxe5 24. Nxd8 Rxd8 25. Rxa6 Rb8 26. Nb5 Rcc8 27. c6 Be8 28. Nd6 Rc7 29. Nb5 Rcc8 30. b4 Nf5 31. Na7 Rc7 32. b5 Nd6 33. b6 Re7 34. c7 Ra8 35. c8=Q Nxc8 36. Rxc8 Rxc8 37. Nxc8 Rb7 38. Nd6 Rb8 39. b7 Bc6 40. Rxc6 1-0


[Site "https://www.chess.com"]

[Event "Titled Tuesday Blitz March 29 Late 2022"]
[White "Ibarra Jerez, Jose Carlos"]
[Black "Ilyasli, Ughur"]
[WhiteFideId "2226332"]
[BlackFideId "13416197"]
[WhiteElo "2626"]
[BlackElo "2045"]
[Result "1-0"]
[Round "01"]
[TimeControl "180+1"]
[Date "2022.03.29"]
[WhiteClock "0:00:55"]
[BlackClock "0:00:01"]

1. e4 c5 2. Nc3 Nc6 3. Nf3 g6 4. d4 cxd4 5. Nxd4 Bg7 6. Be3 Nf6 7. Bc4 O-O 8. Bb3 d6 9. f3 Na5 10. Qd2 Nxb3 11. axb3 d5 12. e5 Nd7 13. f4 Nc5 14. Ndb5 Ne4 15. Nxe4 dxe4 16. Qxd8 Rxd8 17. Nc7 Rb8 18. Bxa7 Bd7 19. Bxb8 Rxb8 20. Ra8 Rxa8 21. Nxa8 g5 22. Nb6 Bc6 23. g3 Bh6 24. Rf1 gxf4 25. gxf4 Kg7 26. Ke2 Kg6 27. Nc4 Kh5 28. Ne3 e6 29. c4 Kh4 30. f5 Kh3 31. fxe6 fxe6 32. Rf6 Bg7 33. Rxe6 Kxh2 34. Re7 Bf8 35. Rxh7+ Kg3 36. e6 Bc5 37. e7 Kf4 38. Nd5+ Ke5 39. Nc7 Bd4 40. e8=Q+ Bxe8 41. Nxe8 b6 42. Rh5+ Kf4 43. Nd6 Bxb2 44. Rh4+ 1-0


[Site "https://www.chess.com"]

[Event "Titled Tuesday Blitz March 29 Late 2022"]
[White "Ider, Borya"]
[Black "Milanovic, Marko"]
[WhiteFideId "4901134"]
[BlackFideId "980129"]
[WhiteElo "2512"]
[BlackElo "2159"]
[Result "1-0"]
[Round "01"]
[TimeControl "180+1"]
[Date "2022.03.29"]
[WhiteClock "0:00:13"]
[BlackClock "0:00:02"]

1. d4 d5 2. Nf3 Nf6 3. c4 c6 4. Qc2 dxc4 5. Qxc4 b5 6. Qc2 Bb7 7. g3 Nbd7 8. Bg2 e6 9. O-O Be7 10. a4 a6 11. Nc3 O-O 12. Bf4 Rc8 13. Rfd1 b4 14. Ne4 a5 15. Nc5 Ba8 16. Ne5 Bxc5 17. dxc5 Re8 18. Bg5 Qc7 19. Nc4 Rb8 20. Nd6 Rf8 21. e4 h6 22. Bf4 e5 23. Be3 Bb7 24. Bh3 Ba6 25. Rd2 Rfd8 26. Rad1 Nf8 27. Nc4 Bxc4 28. Qxc4 Rxd2 29. Rxd2 Rd8 30. f3 Rxd2 31. Bxd2 Qd8 32. Qe2 N8d7 33. Be3 Nf8 34. Kf2 Ne6 35. Qc4 Qd7 36. Bxe6 Qxe6 37. Qd3 Qd7 38. Ke2 Qxd3+ 39. Kxd3 Kf8 40. Kc4 Ke7 41. g4 Nd7 42. Bd2 Ke6 43. Bxb4 axb4 44. Kxb4 Nb8 45. Ka5 Kd7 46. b4 Kc7 47. b5 Kb7 48. Kb4 Nd7 49. Kc4 f6 50. h4 Nb8 51. Kc3 Nd7 52. Kb4 Nf8 53. a5 cxb5 54. Kxb5 Ne6 55. a6+ Kc7 56. a7 Kb7 57. a8=Q+ Kxa8 58. Kc6 Nd4+ 59. Kd7 Ka7 60. h5 Ka6 61. c6 Nb3 62. c7 Nc5+ 63. Kc6 1-0


[Site "https://www.chess.com"]

[Event "Titled Tuesday Blitz March 29 Late 2022"]
[White "Jarocka, Liwia"]
[Black "Yanchenko, Roman"]
[WhiteFideId "21807558"]
[BlackFideId "4137329"]
[WhiteElo "1896"]
[BlackElo "2514"]
[Result "0-1"]
[Round "01"]
[TimeControl "180+1"]
[Date "2022.03.30"]
[WhiteClock "0:00:20"]
[BlackClock "0:00:33"]

1. c4 e6 2. Nc3 d5 3. cxd5 exd5 4. d4 c6 5. Nf3 Bd6 6. Bg5 Ne7 7. Bh4 O-O 8. e3 Bf5 9. Bd3 Bxd3 10. Qxd3 Nd7 11. Bg3 Qb8 12. O-O Re8 13. b4 a6 14. a4 Nb6 15. b5 Bxg3 16. hxg3 cxb5 17. axb5 a5 18. Na4 Nc4 19. Nc5 Nc8 20. Rfb1 b6 21. Nd7 Qc7 22. Nde5 N8d6 23. Ng5 g6 24. Ng4 Kg7 25. Nh3 Ne4 26. Nf4 f5 27. Nh2 Qd6 28. Rc1 Rac8 29. g4 Qd7 30. gxf5 Qxf5 31. Nf3 g5 32. Nh3 g4 33. Nh4 Qf6 34. Nf4 Qxh4 35. Rc2 g3 36. f3 Nf2 37. Qf5 Qh1# 0-1


[Site "https://www.chess.com"]

[Event "Titled Tuesday Blitz March 29 Late 2022"]
[White "Jary, Sergey"]
[Black "Bures, Vit"]
[WhiteFideId "14110350"]
[BlackFideId "309052"]
[WhiteElo "2260"]
[BlackElo "2118"]
[Result "0-1"]
[Round "01"]
[TimeControl "180+1"]
[Date "2022.03.30"]
[WhiteClock "0:00:23"]
[BlackClock "0:00:04"]

1. e4 e5 2. Nf3 Nc6 3. d4 exd4 4. Bc4 Bc5 5. c3 Nf6 6. cxd4 Bb4+ 7. Nbd2 Nxe4 8. O-O d5 9. Bb5 O-O 10. Bxc6 bxc6 11. Ne5 Qf6 12. Nxe4 dxe4 13. Qc2 Bf5 14. Qxc6 Qxc6 15. Nxc6 Bd6 16. Be3 Rfe8 17. h3 h6 18. Rac1 a5 19. d5 a4 20. a3 Bd7 21. Rc4 f5 22. Rfc1 f4 23. Bd4 e3 24. fxe3 fxe3 25. Re1 e2 26. Rc2 Bxc6 27. dxc6 Re4 28. Bc3 Rae8 29. Kf2 Bc5+ 30. Kg3 Re3+ 31. Kh2 Bd6+ 32. Kg1 Bg3 33. Rcc1 Bxe1 34. Rxe1 R8e6 35. Kf2 R3e4 36. Kf3 g5 37. g4 Kf7 38. Bd2 Ke7 39. Bb4+ Kd8 40. Kf2 Kc8 41. Rc1 Rf4+ 42. Kg2 Rf1 43. Rxf1 exf1=Q+ 44. Kxf1 Re3 45. Kg2 Rb3 46. Bc3 Rb6 47. Kf3 Rxc6 48. Ke4 Kd7 49. Kd5 Re6 50. Kd4 Re2 51. Kc4 Rh2 52. Kb4 Rxh3 53. Kxa4 Rg3 54. Kb5 Rxg4 55. Bg7 h5 56. a4 Kc8 57. a5 Kb7 58. a6+ Ka8 59. Be5 h4 60. Bxc7 h3 61. Bb6 Rg2 62. b4 h2 63. a7 h1=Q 64. Ka6 Qa1+ 65. Ba5 Qf6+ 66. Kb5 Rb2 67. Ka4 Qc6+ 68. Ka3 Qc3+ 69. Ka4 Qb3+ 70. Kb5 Ra2 71. Ka6 Ra4 72. Kb5 Rxa5+ 73. Kxa5 Kxa7 74. Kb5 Qe6 75. Kc5 g4 76. b5 g3 77. b6+ Qxb6+ 0-1


[Site "https://www.chess.com"]

[Event "Titled Tuesday Blitz March 29 Late 2022"]
[White "Kadric, Denis"]
[Black "Moral Garcia, Serafin"]
[WhiteFideId "14403803"]
[BlackFideId "2201925"]
[WhiteElo "2772"]
[BlackElo "2447"]
[Result "1/2-1/2"]
[Round "01"]
[TimeControl "180+1"]
[Date "2022.03.30"]
[WhiteClock "0:00:14"]
[BlackClock "0:00:15"]

1. e4 e5 2. Nf3 Nc6 3. Nc3 Nf6 4. Bb5 Bd6 5. a3 O-O 6. d3 Re8 7. g4 a6 8. Bc4 Bc5 9. g5 Nh5 10. Nh4 g6 11. Nf5 Rf8 12. Nd5 d6 13. Ng3 Ng7 14. h4 h5 15. gxh6 Ne6 16. h5 g5 17. Nf5 Kh7 18. c3 b5 19. Ba2 Ba7 20. Be3 Nf4 21. Bxa7 Rxa7 22. Nde3 Ne7 23. Ng3 Be6 24. Bxe6 fxe6 25. Qd2 Ng8 26. O-O-O Nxh6 27. d4 Qf6 28. Kb1 Raa8 29. dxe5 Qxe5 30. Nc2 Rad8 31. Nb4 Qc5 32. Nxa6 Qb6 33. Nb4 c5 34. Nd3 c4 35. Nxf4 Rxf4 36. Rh2 d5 37. Qc2 Kg7 38. exd5 Nf5 39. h6+ Kh7 40. dxe6 Rxd1+ 41. Qxd1 Qxe6 42. Qc2 Qg6 43. Nxf5 Qxf5 44. Qxf5+ Rxf5 45. Ka2 Rf3 46. a4 bxa4 47. Ka3 Rf6 48. Kxa4 Rb6 49. f3 Rf6 50. Rh3 Rf4 51. Kb4 Rh4 52. Rg3 Kxh6 53. b3 cxb3+ 54. Kxb3 Kg6 55. c4 Kf5 56. c5 Rh8 57. Kc4 Rg8 58. Rg4 Re8 59. c6 Re3 60. Kc5 Rxf3 61. Rc4 Re3 62. c7 Re8 63. Kd6 g4 64. Kd7 Rh8 65. c8=Q Rxc8 66. Kxc8 g3 67. Rc7 Kf4 68. Rg7 Kf3 69. Rxg3+ Kxg3 1/2-1/2


[Site "https://www.chess.com"]

[Event "Titled Tuesday Blitz March 29 Late 2022"]
[White "Kosakowski, Jakub"]
[Black "Fernandez Siles, Luis"]
[WhiteFideId "1185080"]
[BlackFideId "2209420"]
[WhiteElo "2476"]
[BlackElo "2212"]
[Result "1-0"]
[Round "01"]
[TimeControl "180+1"]
[Date "2022.03.30"]
[WhiteClock "0:01:47"]
[BlackClock "0:01:19"]

1. e4 e5 2. Nf3 Nc6 3. Bb5 a6 4. Ba4 Nf6 5. O-O Be7 6. Re1 b5 7. Bb3 d6 8. c3 O-O 9. h3 Nb8 10. d4 Nbd7 11. c4 Bb7 12. Nc3 b4 13. Nd5 Nxd5 14. cxd5 exd4 15. Nxd4 Nc5 16. Bc2 Bf6 17. Be3 Re8 18. Qf3 a5 19. Rad1 a4 20. b3 axb3 21. axb3 Qd7 22. Nf5 Bc3 23. Bd4 Bxd4 24. Rxd4 Ra2 25. Bb1 Rb2 26. Rxb4 Bxd5 27. Qc3 Rxb1 28. Qxg7# 1-0


[Site "https://www.chess.com"]

[Event "Titled Tuesday Blitz March 29 Late 2022"]
[White "Koutlas, Nikolaos"]
[Black "Khanin, Semen"]
[WhiteFideId "25827138"]
[BlackFideId "4111990"]
[WhiteElo "1610"]
[BlackElo "2442"]
[Result "0-1"]
[Round "01"]
[TimeControl "180+1"]
[Date "2022.03.30"]
[WhiteClock "0:00:03"]
[BlackClock "0:00:51"]

1. e4 c5 2. Nf3 d6 3. Nc3 Nf6 4. Bc4 Nc6 5. d3 g6 6. O-O Bg7 7. Re1 e5 8. a4 O-O 9. Bg5 h6 10. Bxf6 Bxf6 11. Nd5 Bg7 12. h3 Kh7 13. c3 f5 14. Bb3 Bd7 15. Bc2 Ne7 16. Nxe7 Qxe7 17. exf5 gxf5 18. d4 cxd4 19. Nxd4 Qf6 20. Nb5 Bxb5 21. axb5 Kh8 22. Qd5 Qe7 23. b6 a6 24. Rad1 Rad8 25. b4 e4 26. c4 Be5 27. Qd2 Qg7 28. Qe2 Rg8 29. f3 Qg3 30. Qf2 Qh2+ 31. Kf1 exf3 32. Qxf3 Rg3 33. Qd5 Rdg8 34. Rxe5 Rxg2 35. Qxg8+ Kxg8 36. Re8+ Kf7 0-1


[Site "https://www.chess.com"]

[Event "Titled Tuesday Blitz March 29 Late 2022"]
[White "Krishnan, Varun"]
[Black "Ricaurte Lopez, Juan Carlos"]
[WhiteFideId "5054508"]
[BlackFideId "3600327"]
[WhiteElo "2592"]
[BlackElo "2209"]
[Result "1-0"]
[Round "01"]
[TimeControl "180+1"]
[Date "2022.03.30"]
[WhiteClock "0:00:50"]
[BlackClock "0:00:19"]

1. e4 e5 2. Nf3 Nc6 3. Bb5 a6 4. Ba4 Nf6 5. O-O b5 6. Bb3 Bc5 7. a4 Rb8 8. c3 O-O 9. d4 Bb6 10. dxe5 Nxe4 11. Bc2 d5 12. exd6 Nxd6 13. axb5 axb5 14. Qd5 Bb7 15. Qh5 g6 16. Qh6 Qf6 17. Bg5 Qg7 18. Qh4 f5 19. Bh6 Qf7 20. Bxf8 Rxf8 21. Nbd2 Ne7 22. Rfe1 Nd5 23. Bb3 Kh8 24. Ng5 Qd7 25. Ndf3 Nc4 26. Bxc4 bxc4 27. Ne5 Qg7 28. Ne6 1-0


[Site "https://www.chess.com"]

[Event "Titled Tuesday Blitz March 29 Late 2022"]
[White "Lewicki, Miroslaw"]
[Black "Caruana, Fabiano"]
[WhiteFideId "1113380"]
[BlackFideId "2020009"]
[WhiteElo "2283"]
[BlackElo "2744"]
[Result "1/2-1/2"]
[Round "01"]
[TimeControl "180+1"]
[Date "2022.03.29"]
[WhiteClock "0:00:08"]
[BlackClock "0:00:14"]

1. g3 e5 2. Bg2 Nc6 3. d3 d5 4. Nf3 Nf6 5. O-O Be7 6. b3 O-O 7. Bb2 Bd6 8. Nbd2 Re8 9. e4 d4 10. Nc4 Bf8 11. a4 a5 12. c3 dxc3 13. Bxc3 Bg4 14. h3 Bxf3 15. Bxf3 Bb4 16. Bb2 Nd7 17. d4 exd4 18. Bxd4 Nxd4 19. Qxd4 Ne5 20. Qe3 Nxc4 21. bxc4 Qd7 22. Kg2 Qe6 23. Rfd1 Rad8 24. Rd5 c6 25. Bg4 Qe7 26. Rxd8 Rxd8 27. Rd1 Rxd1 28. Bxd1 g6 29. h4 h5 30. Qd3 Qf6 31. f4 Qb2+ 32. Be2 Bc5 33. e5 Kg7 34. Kh3 Qa1 35. Bf3 Qe1 36. Qe4 Qc3 37. f5 Qd4 38. f6+ Kf8 39. Qe2 Bb4 40. g4 hxg4+ 41. Bxg4 Bc3 42. e6 Qxf6 43. exf7 Kxf7 44. Qd3 Bd4 45. Qb3 Qe7 46. Qf3+ Kg7 47. Qd3 Bf6 48. h5 gxh5 49. Bxh5 Qe6+ 50. Bg4 Qe7 51. Qd7 Qxd7 52. Bxd7 Kf7 53. Bc8 b6 54. Bd7 b5 55. cxb5 cxb5 56. Bxb5 1/2-1/2


[Site "https://www.chess.com"]

[Event "Titled Tuesday Blitz March 29 Late 2022"]
[White "Lin, Dachey"]
[Black "Horcajuelo Rocamora, Martin"]
[WhiteFideId "2029650"]
[BlackFideId "24573027"]
[WhiteElo "2313"]
[BlackElo "1706"]
[Result "1-0"]
[Round "01"]
[TimeControl "180+1"]
[Date "2022.03.30"]
[WhiteClock "0:01:04"]
[BlackClock "0:02:24"]

1. g4 e5 2. d4 exd4 3. Qxd4 Nc6 4. Qe4+ Be7 5. Nc3 d6 6. h3 Nf6 7. Qa4 Bd7 8. Bg2 O-O 9. Nf3 Ne5 10. Qf4 Nxf3+ 11. Bxf3 c6 12. g5 Ne8 13. Be3 d5 14. O-O-O Nd6 15. h4 Nc4 16. Bd4 c5 17. Bxg7 Kxg7 18. Nxd5 Nb6 19. Qe5+ Kg8 20. Nxe7+ 1-0


[Site "https://www.chess.com"]

[Event "Titled Tuesday Blitz March 29 Late 2022"]
[White "Ljukin, Sergei"]
[Black "Martinez Alcantara, Jose Eduardo"]
[WhiteFideId "14102200"]
[BlackFideId "3805662"]
[WhiteElo "2312"]
[BlackElo "2690"]
[Result "0-1"]
[Round "01"]
[TimeControl "180+1"]
[Date "2022.03.29"]
[WhiteClock "0:00:14"]
[BlackClock "0:01:31"]

1. e4 c5 2. Nf3 d6 3. d4 cxd4 4. Nxd4 Nf6 5. Nc3 Nc6 6. Bc4 e6 7. Be3 Bd7 8. Qe2 Rc8 9. Bb3 Na5 10. O-O-O Nxb3+ 11. axb3 Qa5 12. Kb1 Rxc3 13. bxc3 Nxe4 14. Bd2 Nxc3+ 15. Bxc3 Qxc3 16. Nf5 Qc5 17. Ne3 Be7 18. Rhe1 O-O 19. Qc4 Qa5 20. b4 Qd8 21. Qe2 Bf6 22. Rxd6 Qc7 23. Qd3 Bb5 24. c4 Bc6 25. b5 Be4 26. Qxe4 Qxd6 0-1


[Site "https://www.chess.com"]

[Event "Titled Tuesday Blitz March 29 Late 2022"]
[White "Manolache, Marius"]
[Black "Almagro Mazariegos, Sebastian"]
[WhiteFideId "1201530"]
[BlackFideId "2221640"]
[WhiteElo "2389"]
[BlackElo "2273"]
[Result "1-0"]
[Round "01"]
[TimeControl "180+1"]
[Date "2022.03.30"]
[WhiteClock "0:02:22"]
[BlackClock "0:00:57"]

1. d4 Nf6 2. c4 g6 3. Nc3 Bg7 4. Nf3 d6 5. Bg5 O-O 6. e3 c5 7. d5 e6 8. Qd2 Re8 9. Be2 exd5 10. Nxd5 Be6 11. Nf4 Ne4 12. Bxd8 Nxd2 13. Nxe6 fxe6 14. Nxd2 Rxd8 15. O-O-O Nc6 16. Ne4 Bf8 17. Bg4 1-0


[Site "https://www.chess.com"]

[Event "Titled Tuesday Blitz March 29 Late 2022"]
[White "Martinez Reyes, Pedro Ramon"]
[Black "Desideri, Ricardo Maruchi"]
[WhiteFideId "3901807"]
[BlackFideId "2110440"]
[WhiteElo "2410"]
[BlackElo "1945"]
[Result "1-0"]
[Round "01"]
[TimeControl "180+1"]
[Date "2022.03.30"]
[WhiteClock "0:00:29"]
[BlackClock "0:00:01"]

1. e4 c5 2. Nf3 d6 3. Bb5+ Nd7 4. d4 cxd4 5. Qxd4 Nf6 6. c4 a6 7. Bxd7+ Nxd7 8. Nc3 e6 9. Bg5 Qc7 10. Rc1 b6 11. O-O Bb7 12. Rfe1 Rc8 13. Nd5 Qc5 14. Qd2 h6 15. b4 Qc6 16. b5 Qc5 17. Be3 Qa3 18. Nxb6 Nxb6 19. Bxb6 Be7 20. Bd4 O-O 21. Qb2 Qxb2 22. Bxb2 axb5 23. cxb5 Rxc1 24. Bxc1 Ra8 25. Re2 Ra4 26. e5 Bxf3 27. gxf3 dxe5 28. Be3 Rb4 29. a4 Rxa4 30. Rb2 Bd6 31. b6 Bb8 32. Rc2 Kh7 33. Rc8 Ra1+ 34. Kg2 Bd6 35. Rd8 1-0


[Site "https://www.chess.com"]

[Event "Titled Tuesday Blitz March 29 Late 2022"]
[White "Meduri, Aakaash"]
[Black "Mikhailov, Viacheslav"]
[WhiteFideId "2032252"]
[BlackFideId "4187369"]
[WhiteElo "2096"]
[BlackElo "2381"]
[Result "0-1"]
[Round "01"]
[TimeControl "180+1"]
[Date "2022.03.30"]
[WhiteClock "0:00:04"]
[BlackClock "0:00:36"]

1. d4 Nf6 2. Nc3 d6 3. e4 g6 4. Bf4 Bg7 5. Qd2 O-O 6. Nf3 Bg4 7. O-O-O Nc6 8. Bh6 e5 9. Bxg7 Kxg7 10. d5 Bxf3 11. gxf3 Nd4 12. Qe3 Nh5 13. Nb1 Qf6 14. Nd2 c6 15. c3 Nb5 16. Bxb5 cxb5 17. Rhg1 Nf4 18. Rg4 h5 19. Rg3 Rfc8 20. Kb1 Rc5 21. Rdg1 Rac8 22. Rg5 b4 23. c4 b5 24. b3 bxc4 25. Nxc4 Rxc4 26. bxc4 Rxc4 27. R5g3 Qe7 28. Rc1 Rxc1+ 29. Kxc1 Qc7+ 30. Kb2 Qc4 31. Rg1 Nd3+ 32. Kb1 b3 33. Qd2 bxa2+ 34. Qxa2 Qb4+ 35. Ka1 Qc3+ 36. Kb1 Nb4 37. Qb2 Qd3+ 38. Ka1 a5 39. Rc1 Qxf3 40. Rc6 Qd1+ 41. Rc1 Qa4+ 42. Kb1 Nd3 43. Qc2 Qb4+ 44. Ka1 Nxc1 45. Qxc1 Qd4+ 0-1


[Site "https://www.chess.com"]

[Event "Titled Tuesday Blitz March 29 Late 2022"]
[White "Melikhov, Evgeny V."]
[Black "Spata, German"]
[WhiteFideId "4122046"]
[BlackFideId "113026"]
[WhiteElo "1945"]
[BlackElo "2238"]
[Result "1-0"]
[Round "01"]
[TimeControl "180+1"]
[Date "2022.03.30"]
[WhiteClock "0:00:11"]
[BlackClock "0:00:10"]

1. d4 e6 2. c4 Nf6 3. Nc3 d5 4. cxd5 Nxd5 5. e4 Nxc3 6. bxc3 c5 7. Nf3 cxd4 8. cxd4 Bb4+ 9. Bd2 Bxd2+ 10. Qxd2 O-O 11. Bd3 b6 12. O-O Bb7 13. Rad1 Nc6 14. Bb1 Na5 15. Rfe1 Rc8 16. d5 Nc4 17. Qf4 exd5 18. e5 Qe7 19. Nd4 g6 20. Rd3 Rce8 21. Rh3 f5 22. e6 Qf6 23. Bd3 Re7 24. Rg3 Kh8 25. h4 Rfe8 26. h5 Bc8 27. hxg6 hxg6 28. Rh3+ Rh7 29. Rxh7+ Kxh7 30. g4 Kg7 31. gxf5 g5 32. Qg3 Rh8 33. f4 g4 34. Qxg4+ Kf8 35. e7+ Ke8 36. Qg6+ Qxg6+ 37. fxg6 Rg8 38. f5 Nd6 39. Kf2 Nxf5 40. Nxf5 Bxf5 41. Bxf5 Rg7 42. Ke3 Rxe7+ 43. Kd2 Rxe1 44. Kxe1 d4 45. Kd2 Ke7 46. Kd3 Kf6 47. Be4 b5 48. Kxd4 a5 49. Kc5 b4 50. Kb5 b3 51. axb3 a4 52. Kxa4 1-0


[Site "https://www.chess.com"]

[Event "Titled Tuesday Blitz March 29 Late 2022"]
[White "Melkumyan, Hrant"]
[Black "Petrovic, Aleksa"]
[WhiteFideId "13302485"]
[BlackFideId "967629"]
[WhiteElo "2604"]
[BlackElo "2245"]
[Result "1-0"]
[Round "01"]
[TimeControl "180+1"]
[Date "2022.03.29"]
[WhiteClock "0:00:50"]
[BlackClock "0:00:05"]

1. d4 Nf6 2. c4 e6 3. Nc3 Bb4 4. e3 O-O 5. Bd3 b6 6. Ne2 Bb7 7. O-O d5 8. cxd5 exd5 9. Ng3 Re8 10. Qf3 a6 11. Bd2 Nbd7 12. Rac1 Bf8 13. Rfd1 g6 14. a3 c5 15. Nce2 c4 16. Bb1 h5 17. Nf4 h4 18. Nge2 Ne4 19. Bb4 Ndf6 20. Nc3 Ng5 21. Qe2 Bh6 22. a4 a5 23. Ba3 Bc8 24. h3 Nge4 25. Bxe4 Nxe4 26. Nfxd5 Bb7 27. Nxe4 Rxe4 28. Nc3 Re6 29. d5 Qg5 30. Qxc4 Rc8 31. Qg4 Qxg4 32. hxg4 Rxe3 33. fxe3 Bxe3+ 34. Kh2 Bxc1 35. Rxc1 Bxd5 36. Rd1 Be6 37. Be7 Bxg4 38. Rd6 Kg7 39. Bxh4 Be6 40. Rxb6 Rc4 41. Bf2 g5 42. Rb5 Rb4 43. Rxb4 axb4 44. Ne4 f6 45. a5 Bd5 46. Nc5 Kg6 47. a6 Kf5 48. a7 Kg4 49. Na6 f5 50. Nc7 Bb7 51. a8=Q Bxa8 52. Nxa8 Kf4 53. Nc7 Ke4 54. Ne6 g4 55. Bc5 f4 56. Nxf4 b3 57. Ne2 Kd3 58. Nc1+ Kc2 59. Nxb3 Kxb2 60. Kg3 1-0


[Site "https://www.chess.com"]

[Event "Titled Tuesday Blitz March 29 Late 2022"]
[White "Miszler, Levente"]
[Black "Korchmar, Vasiliy"]
[WhiteFideId "763276"]
[BlackFideId "24131750"]
[WhiteElo "1966"]
[BlackElo "2370"]
[Result "0-1"]
[Round "01"]
[TimeControl "180+1"]
[Date "2022.03.30"]
[WhiteClock "0:00:02"]
[BlackClock "0:01:13"]

1. Nf3 d5 2. e3 Nf6 3. c4 c6 4. Nc3 e6 5. b3 Bd6 6. Bb2 O-O 7. d4 Nbd7 8. Be2 Qe7 9. O-O dxc4 10. Bxc4 e5 11. dxe5 Nxe5 12. Be2 Bg4 13. h3 Bh5 14. g3 Rad8 15. Nd4 Bg6 16. Qe1 Ne4 17. Nf3 Nxf3+ 18. Bxf3 Bb4 19. a3 Nd2 20. Be2 Ba5 21. b4 Bc7 22. Kg2 h5 23. Rg1 h4 24. Rd1 hxg3 25. Rxd2 gxf2 26. Kxf2 Qh4+ 27. Kf1 Qf6+ 28. Kg2 Qg5+ 29. Bg4 f5 30. Rxd8 Rxd8 31. Qe2 fxg4 32. Qxg4 Rd2+ 33. Kh1 Qxg4 34. Rxg4 Bh5 35. Rh4 Bf3+ 36. Kg1 Rxb2 0-1


[Site "https://www.chess.com"]

[Event "Titled Tuesday Blitz March 29 Late 2022"]
[White "Naroditsky, Daniel"]
[Black "Perera Alfonso, Rene Humberto"]
[WhiteFideId "2026961"]
[BlackFideId "3514722"]
[WhiteElo "2608"]
[BlackElo "2313"]
[Result "1-0"]
[Round "01"]
[TimeControl "180+1"]
[Date "2022.03.29"]
[WhiteClock "0:01:18"]
[BlackClock "0:01:11"]

1. d4 d5 2. c4 c6 3. Nf3 Nf6 4. Nc3 dxc4 5. a4 Bf5 6. e3 e6 7. Bxc4 Bb4 8. O-O Nbd7 9. Qe2 Bg4 10. h3 Bxf3 11. Qxf3 O-O 12. Rd1 Rc8 13. e4 e5 14. Be3 Qe7 15. d5 Nb6 16. Bb3 cxd5 17. exd5 Nc4 18. Bg5 h6 19. d6 Qe6 20. Bxf6 gxf6 21. d7 Rcd8 22. Nd5 1-0


[Site "https://www.chess.com"]

[Event "Titled Tuesday Blitz March 29 Late 2022"]
[White "Oganian, Miran"]
[Black "Bibasa, Bob"]
[WhiteFideId "4122488"]
[BlackFideId "10000240"]
[WhiteElo "2357"]
[BlackElo "2056"]
[Result "1-0"]
[Round "01"]
[TimeControl "180+1"]
[Date "2022.03.30"]
[WhiteClock "0:01:18"]
[BlackClock "0:00:33"]

1. e4 c5 2. Nf3 d6 3. Bb5+ Nd7 4. d4 cxd4 5. Qxd4 a6 6. Bxd7+ Bxd7 7. c4 Nf6 8. Nc3 g6 9. Bg5 Bg7 10. O-O O-O 11. Qd3 Bc6 12. Rfe1 Nd7 13. Rad1 Nc5 14. Qe3 Qc7 15. b3 Bxc3 16. Qxc3 Nxe4 17. Rxe4 Bxe4 18. Bh6 e5 19. Ng5 Bc6 20. Qh3 f6 21. Bxf8 Rxf8 22. Ne6 Qe7 23. Nxf8 Kxf8 24. Qd3 Kg7 25. Qxd6 Qe8 26. h4 Qc8 27. Qe7+ Kh6 28. Qxf6 Qg4 29. Qg5+ Qxg5 30. hxg5+ Kxg5 31. Rd8 h5 32. f3 e4 33. fxe4 Bxe4 34. b4 Kf4 35. a4 g5 36. b5 axb5 37. cxb5 h4 38. a5 Kg3 39. a6 bxa6 40. bxa6 Bxg2 41. Rd3+ Bf3 42. Rxf3+ Kxf3 43. a7 g4 44. a8=Q+ Kg3 45. Qa3+ Kf4 46. Qb4+ Kg3 47. Qc3+ Kf4 48. Qd4+ Kg5 49. Qe5+ Kg6 50. Kg2 1-0


[Site "https://www.chess.com"]

[Event "Titled Tuesday Blitz March 29 Late 2022"]
[White "Omariev, Maksim"]
[Black "Vasquez Schroeder, Rodrigo"]
[WhiteFideId "4193423"]
[BlackFideId "3400042"]
[WhiteElo "2519"]
[BlackElo "2561"]
[Result "0-1"]
[Round "01"]
[TimeControl "180+1"]
[Date "2022.03.29"]
[WhiteClock "0:00:01"]
[BlackClock "0:00:39"]

1. g4 c5 2. Bg2 Nc6 3. h3 g6 4. c4 Bg7 5. Nc3 b6 6. d3 Bb7 7. e4 d6 8. Be3 Qd7 9. Nge2 Nd4 10. Qd2 e6 11. f4 Ne7 12. h4 h5 13. gxh5 Rxh5 14. Ng3 Rh7 15. h5 O-O-O 16. O-O-O Rdh8 17. hxg6 Nxg6 18. Rxh7 Rxh7 19. Rh1 Rxh1+ 20. Bxh1 Qe7 21. Qh2 Qh4 22. Qxh4 Nxh4 23. Nh5 Bh8 24. Kd2 a6 25. a3 Kd7 26. Bf2 Nhf3+ 27. Ke3 Nh2 28. Bg1 Ng4+ 29. Kd2 Bc6 30. b4 Kc7 31. Ne2 Nxe2 32. Kxe2 Bb2 33. bxc5 dxc5 34. Bf3 f5 35. Be3 Bxa3 36. Ng7 Bd7 37. exf5 exf5 38. Bd2 Bb4 39. Bc1 Bc3 40. Kd1 Bxg7 41. Kc2 Bd4 0-1


[Site "https://www.chess.com"]